 Seeded DCSS version 0.29.1-12-g30fa7ad0bf (webtiles) character file.

Game seed: 6447096713874630857 (custom seed)

11172 kingsuperguy the Fencer (level 11, 0/101 HPs)
             Began as a Minotaur Berserker on Dec 14, 2022.
             Was a High Priest of Trog.
             Slain by an eight-headed hydra (8 damage)
             ... on level 11 of the Dungeon.
             The game lasted 00:18:04 (9228 turns).

kingsuperguy the Fencer (Minotaur Berserker)        Turns: 9228, Time: 00:18:05

Health: 0/101      AC: 16    Str: 26    XL:     11   Next: 45%
Magic:  10/10      EV: 12    Int:  4    God:    Trog [*****.]
Gold:   700        SH:  0    Dex: 10    Spells: 10/10 levels left

rFire   . . .      SeeInvis .   G - +2 triple crossbow (flame)
rCold   . . .      Faith    .   (shield currently unavailable)
rNeg    + . .      Spirit   .   t - +0 pearl dragon scales
rPois   .          Reflect  .   (helmet restricted)
rElec   .          Harm     .   l - +0 cloak
rCorr   +          Rampage  .   (no gloves)
Will    .....                   (no boots)
Stlth   ..........              v - amulet of regeneration
HPRegen 1.06/turn               D - +4 ring of slaying
MPRegen 0.12/turn               N - ring of resist corrosion

@: no status effects
A: horns 2, retaliatory headbutt
a: Renounce Religion, Berserk, Trog's Hand, Brothers in Arms


You were on level 11 of the Dungeon.
You worshipped Trog.
Trog was extremely pleased with you.
You visited 1 branch of the dungeon, and saw 11 of its levels.
You also visited: Bailey.

You collected 700 gold pieces.

Inventory:

Hand Weapons
 a - a +1 falchion
 A - a +3 war axe
 G - a +2 triple crossbow of flaming (weapon)
 H - a +4 triple sword of venom
Missiles
 B - 2 throwing nets
Armour
 b - a +0 animal skin
 k - a +0 leather armour
 l - a +0 cloak (worn)
 r - a +0 ring mail
 t - +0 pearl dragon scales (worn)
 Q - the +0 ring mail of Okawaru's Supremacy {Rampage rC+ rN+}
   (You found it on level 10 of the Dungeon)

   rC:        It protects you from cold.
   rN:        It protects you from negative energy.
   Rampage:   It bestows one free step when moving towards enemies.
Jewellery
 n - an amulet of the acrobat
 v - an amulet of regeneration (around neck)
 x - an amulet of reflection
 D - a +4 ring of slaying (left hand)
 N - a ring of resist corrosion (right hand)
 O - a ring of magical power
 R - a ring of positive energy
 S - a ring of ice
Wands
 z - a wand of mindburst (32)
 C - a wand of roots (5)
 E - a wand of flame (25)
 P - a wand of light (2)
Scrolls
 c - 7 scrolls of teleportation
 d - a scroll of acquirement
 e - a scroll of torment
 f - 4 scrolls of enchant weapon
 g - 3 scrolls of amnesia
 i - 3 scrolls of vulnerability
 j - 2 scrolls of blinking
 q - 2 scrolls of poison
 u - 2 scrolls of magic mapping
 y - 4 scrolls of noise
 J - a scroll of enchant armour {unknown}
 M - 3 scrolls of fear
 T - a scroll of butterflies
Potions
 h - 3 potions of might {unknown}
 m - 3 potions of mutation {unknown}
 o - a potion of brilliance {unknown}
 p - 3 potions of haste
 s - 5 potions of curing
 w - a potion of magic {unknown}
 I - a potion of experience
 L - a potion of attraction


   Skills:
 + Level 10.5 Fighting
 + Level 15.2 Long Blades
 + Level 10.7 Armour
 + Level 6.0 Dodging
 + Level 2.2 Stealth


You had 10 spell levels left.
You didn't know any spells.
Your spell library was empty.

Dungeon Overview and Level Annotations

Branches:
Dungeon (11/15)            Temple (0/1) D:7            Lair (0/5) D:8
 Bailey (visited)
    Orc: D:9-12

Altars:
Cheibriados
Gozag
Hepliaklqana
Kikubaaqudgha
Makhleb
Nemelex Xobeh
Ru
Trog
Vehumet
Yredelemnul

Shops:
D:3 [   D:5 :   D:6 **(

Annotations:
D:11 1 transporter


Innate Abilities, Weirdness & Mutations

You have a pair of horns on your head.
You reflexively headbutt those who attack you in melee.


Message History

Press: ? - help, Q - select action, (/) - cycle Shift-Dir - straight line, f/p - eight-headed hydra
Aim: an eight-headed hydra (almost dead, 89% to hit)
The puff of flame hits the eight-headed hydra!
The eight-headed hydra is almost dead.
The eight-headed hydra bites you.
* * * LOW HITPOINT WARNING * * *
The eight-headed hydra bites you but does no damage. x2
The eight-headed hydra bites you.
* * * LOW HITPOINT WARNING * * *
The eight-headed hydra bites you but does no damage.
The eight-headed hydra bites you.
* * * LOW HITPOINT WARNING * * *
The eight-headed hydra bites you but does no damage.
The eight-headed hydra bites you.
* * * LOW HITPOINT WARNING * * *
You feel much better.
The eight-headed hydra bites you but does no damage. x2
The eight-headed hydra closely misses you.
The eight-headed hydra bites you.
* * * LOW HITPOINT WARNING * * *
The eight-headed hydra barely misses you.
The eight-headed hydra misses you.
The eight-headed hydra completely misses you.
The eight-headed hydra bites you but does no damage.
Aiming: Throw Flame
Press: ? - help, Q - select action, (/) - cycle Shift-Dir - straight line, f/p - eight-headed hydra
Aim: an eight-headed hydra (almost dead, 89% to hit)
The puff of flame hits the eight-headed hydra!
The eight-headed hydra is almost dead.
The eight-headed hydra bites you!
* * * LOW HITPOINT WARNING * * *
The eight-headed hydra bites you but does no damage.
The eight-headed hydra bites you!
* * * LOW HITPOINT WARNING * * *
The eight-headed hydra completely misses you.
The eight-headed hydra misses you. The eight-headed hydra bites you.
* * * LOW HITPOINT WARNING * * *
The eight-headed hydra bites you but does no damage.
The eight-headed hydra bites you!
You die...

......###..............8#
.<.....#................©
..).....................#
.#.#.........[..........©
##.#............H......8#
#..#..##..........#
#..##..###.....#...####
##.###................##
...#.........<.@D.....#
#. ....................#
##.................#
#.......^....#......
#####......###...#..
.........# ...#..
..............##
.....>.##... .# ........
..#


You could see an eight-headed hydra and a manticore.

Vanquished Creatures
  The ghost of Jingleheimer the Severer, a journeyman MiGl of the Shining One (D:10)
  The ghost of elongatedgoose the Blocker, a novice MiFi of Gozag (D:7)
  Amaemon (D:8)
  An orc knight (Bailey)
  Pikel (D:4)
  An orange demon (D:8)
  Maggie (D:10)
  A troll (D:10)
  Grinder (D:5)
  12 yaks
  2 wyverns (D:9)
  A steam dragon (D:6)
  Edmund (D:5)
  An acid dragon (D:9)
  3 water moccasins
  A sky beast (D:7)
  5 ice beasts
  16 orc warriors
  2 black bears
  6 centaurs
  A lemure (D:4)
  A phantom (D:6)
  A kobold brigand (D:9)
  A gnoll sergeant (D:8)
  2 bullfrogs
  2 scorpions
  12 wights
  6 killer bees
  4 howler monkeys
  4 hounds
  4 orc priests
  2 iguanas
  6 orc wizards
  13 gnolls
  6 adders
  3 worms
  3 dart slugs
  52 orcs
  5 ball pythons
  6 endoplasms
  3 giant cockroaches
  8 goblins
  5 hobgoblins
  A jackal (D:5)
  3 quokkas
  7 bats
  2 frilled lizards
  15 kobolds
  4 rats
241 creatures vanquished.

Vanquished Creatures (others)
  An iguana (D:6)
1 creature vanquished.

Grand Total: 242 creatures vanquished

Notes
Turn   | Place    | Note
-------+----------+-------------------------------------------
     0 | D:1      | kingsuperguy the Minotaur Berserker began the quest for the
                  | Orb.
     0 | D:1      | Reached XP level 1. HP: 19/19 MP: 0/0
    80 | D:1      | Found a faded altar of an unknown god.
   212 | D:1      | Reached skill level 4 in Long Blades
   212 | D:1      | Reached XP level 2. HP: 25/27 MP: 1/1
  1421 | D:2      | Reached XP level 3. HP: 32/33 MP: 2/2
  2368 | D:3      | Found Maydox's Armour Shop.
  2374 | D:3      | Reached ** piety under Trog
  2619 | D:4      | Reached XP level 4. HP: 25/41 MP: 3/3
  2731 | D:4      | Noticed a black bear
  2855 | D:4      | Reached skill level 5 in Long Blades
  2888 | D:4      | Reached XP level 5. HP: 47/47 MP: 4/4
  2946 | D:4      | Noticed a lemure
  2974 | D:4      | Killed a lemure
  3093 | D:5      | Entered Level 5 of the Dungeon
  3101 | D:5      | Noticed a water moccasin
  3109 | D:5      | Killed a water moccasin
  3110 | D:5      | Reached skill level 6 in Long Blades
  3110 | D:5      | Reached XP level 6. HP: 44/55 MP: 5/5
  3272 | D:5      | Found Fapniju's Self-Improvement Boutique.
  3329 | D:5      | Reached skill level 5 in Fighting
  3433 | D:5      | Found a snail-covered altar of Cheibriados.
  3450 | D:5      | Found a bloodstained altar of Trog.
  3474 | D:5      | Noticed Edmund
  3501 | D:5      | Killed Edmund
  3542 | D:5      | Found a sacrificial altar of Ru.
  3582 | D:5      | Noticed Grinder
  3587 | D:5      | Paralysed by Grinder for 2 turns
  3593 | D:5      | Killed Grinder
  3594 | D:5      | Reached skill level 7 in Long Blades
  3594 | D:5      | Reached skill level 5 in Armour
  3594 | D:5      | Reached XP level 7. HP: 62/62 MP: 6/6
  3687 | D:5      | Reached skill level 1 in Stealth
  3935 | D:4      | Reached *** piety under Trog
  4074 | D:4      | Noticed Pikel
  4080 | D:4      | Reached skill level 8 in Long Blades
  4095 | D:4      | Killed Pikel
  4096 | D:4      | Reached XP level 8. HP: 52/73 MP: 7/7
  4119 | D:4      | Reached skill level 9 in Long Blades
  4137 | D:4      | You fall into a shaft and drop 2 floors!
  4656 | D:6      | Found Bega's Assorted Antiques.
  4751 | D:6      | Found Zuymahy's Antique Weapon Shoppe.
  4955 | D:6      | Reached XP level 9. HP: 77/80 MP: 8/8
  5035 | D:6      | Found Hakh's Assorted Antiques.
  5264 | D:6      | Reached skill level 10 in Long Blades
  5385 | D:6      | Identified a scroll of acquirement
  5561 | D:7      | Found a staircase to the Ecumenical Temple.
  5706 | D:7      | Found a runed translucent door.
  5713 | D:7      | Noticed elongatedgoose's ghost (novice MiFi)
  5954 | D:7      | Found a flagged portal.
  5969 | Bailey   | Entered a bailey
  6004 | Bailey   | Reached **** piety under Trog
  6053 | Bailey   | Reached skill level 11 in Long Blades
  6053 | Bailey   | Reached skill level 5 in Dodging
  6319 | Bailey   | Noticed an orc knight
  6334 | Bailey   | Killed an orc knight
  6335 | Bailey   | Reached XP level 10. HP: 84/90 MP: 9/9
  6815 | D:7      | Killed elongatedgoose's ghost
  6816 | D:7      | Reached skill level 12 in Long Blades
  6852 | D:8      | Noticed Amaemon
  6857 | D:8      | Noticed an orange demon
  6868 | D:8      | Killed Amaemon
  6958 | D:8      | Killed an orange demon
  6959 | D:8      | Reached skill level 10 in Armour
  7137 | D:8      | Found a staircase to the Lair.
  7263 | D:8      | Reached skill level 13 in Long Blades
  7285 | D:8      | Found an opulent altar of Gozag.
  7410 | D:8      | Found a burning altar of Makhleb.
  7570 | D:9      | Found a radiant altar of Vehumet.
  7749 | D:9      | Found an ancient bone altar of Kikubaaqudgha.
  7756 | D:9      | Reached XP level 11. HP: 85/99 MP: 10/10
  7921 | D:9      | Reached skill level 10 in Fighting
  7921 | D:9      | Reached skill level 14 in Long Blades
  7922 | D:9      | Reached ***** piety under Trog
  7983 | D:9      | Found a basalt altar of Yredelemnul.
  8325 | D:10     | Entered Level 10 of the Dungeon
  8386 | D:10     | Identified the +0 ring mail of Okawaru's Supremacy {Rampage
                  | rC+ rN+}
  8412 | D:10     | Found a sparkling altar of Nemelex Xobeh.
  8469 | D:10     | Found a runed translucent gate.
  8470 | D:10     | Noticed Jingleheimer's ghost (journeyman MiGl)
  8470 | D:10     | Found a runed translucent gate.
  8475 | D:10     | Found a runed translucent gate.
  8577 | D:10     | Found a hazy altar of Hepliaklqana.
  8900 | D:10     | Noticed Maggie
  8908 | D:10     | Killed Maggie
  8978 | D:10     | Identified the +1 scale mail "Urralyor" {+Blink rPois
                  | Slay+3 Stlth+}
  8998 | D:10     | Killed Jingleheimer's ghost
  8999 | D:10     | Reached skill level 15 in Long Blades
  9063 | D:10     | Identified the +0 hat of Uxytimol {rCorr Slay+5}
  9130 | D:11     | Noticed an eight-headed hydra
  9212 | D:11     | Found a transporter.
  9226 | D:11     | HP: 5/101 [eight-headed hydra (4)]
  9228 | D:11     | Slain by an eight-headed hydra

Illustrated notes

Levels and vault maps discovered:
D:1:      dpeg_arrival_windows_large_door, layout_basic,
          shapermc_ecumenical_altar_venn, minmay_vboxes
D:2:      layout_basic
D:3:      layout_rooms, serial_shops, nicolae_shop_stone
D:4:      layout_loops_ring, uniq_pikel
D:5:      layout_basic, kennysheep_mini, mainiacjoe_overflow_tiny_flanked,
          nicolae_ru_great_annihilating_truth, nicolae_shop_self_help,
          uniq_grinder, uniq_edmund
D:6:      layout_basic, serial_shops, nicolae_shop_crystal, shop, shop_coins
D:7:      layout_cave_pools, minmay_temple_entry_poolview, enter_bailey_5,
          ebering_ghost_reflecting_pool
D:8:      layout_rooms, bloody_makhleb, grunt_gozag_breadcrumbs,
          lair_entry_dummy, uniq_amaemon
D:9:      layout_irregular_city, mainiacjoe_overflow_cross_hatched,
          mainiacjoe_overflow_brackets, general_overflow_altar
D:10:     layout_roguey, nemelex_spade_bored_becter, lemuel_doored_altar,
          biasface_ghost_orc_armoury, uniq_maggie
D:11:     layout_cave_pools, david_orc_3, nicolae_transporter_intersection,
          uniq_josephine

Skill      XL: |  1  2  3  4  5  6  7  8  9 10 11 |
---------------+----------------------------------+-----
Long Blades    | 4 5 6 7 8 9 11 13 15 | 15.2
Fighting       | 4 5 7 8 9 10 | 10.5
Armour         | 3 5 6 9 10 | 10.7
Dodging        | 3 4 5 6 |  6.0
Stealth        | 1 2 |  2.2

Action                   |  1- 3 |  4- 6 |  7- 9 | 10-12 || total
-------------------------+-------+-------+-------+-------++-------
Melee: Falchion          |   112 |   125 |   361 |       ||   598
       Headbutt          |    14 |    24 |    86 |    35 ||   159
       Punch             |     1 |     1 |     4 |       ||     6
       Triple sword      |       |       |       |   178 ||   178
 Fire: Triple crossbow   |       |       |       |     3 ||     3
Invok: Berserk           |     1 |     2 |     1 |     1 ||     5
Evoke: Wand              |       |       |       |     5 ||     5
  Use: Potion            |       |     1 |       |     2 ||     3
       Scroll            |       |       |    10 |     6 ||    16
 Stab: Paralysed         |       |     1 |       |       ||     1
Armor: Animal skin       |     2 |       |       |       ||     2
       Leather armour    |    14 |       |       |       ||    14
       Pearl dragon scal |    25 |    69 |   176 |   131 ||   401
       Ring mail         |     3 |       |       |       ||     3
Dodge: Dodged            |    76 |    76 |   175 |   183 ||   510
